 Dungeon Crawl Stone Soup version 0.26-a0-64-g059e62fbdb (webtiles) character file.

Game seed: 12624071248629546971

7938 Argons the Grappler (level 11, 0/109 HPs)
             Began as a Troll Transmuter on June 10, 2020.
             Was a Believer of Wu Jian.
             Slain by a hell rat (6 damage)
             ... on level 10 of the Dungeon.
             The game lasted 00:59:41 (10024 turns).

Argons the Grappler (Troll Transmuter)             Turns: 10024, Time: 00:59:42

Health: 0/109      AC:  6    Str: 29    XL:     11   Next: 3%
Magic:  11/11      EV: 11    Int:  9    God:    Wu Jian [**....]
Gold:   759        SH:  0    Dex: 10    Spells: 11/12 levels left

rFire    . . .     SeeInvis .     - Unarmed
rCold    . . .     Gourm    +   (no shield)
rNeg     + . .     Faith    .   b - +0 robe
rPois    .         Spirit   .   (helmet restricted)
rElec    .         Reflect  .   (no cloak)
rCorr    .         Harm     .   (gloves unavailable)
MR       .....                  (boots unavailable)
Stlth    +.........             (no amulet)
HPRegen  0.68/turn              f - +6 ring of strength
MPRegen  0.12/turn              r - ring of positive energy

@: no status effects
A: large, unfitting armour, claws 3, fast metabolism 3, gourmand, regeneration
1, shaggy fur 1, tough skin 3
a: Wall Jump, Renounce Religion


You were on level 10 of the Dungeon.
You worshipped Wu Jian.
Wu Jian was pleased with you.
You were full.

You visited 2 branches of the dungeon, and saw 11 of its levels.
You also visited: Ossuary.

You collected 759 gold pieces.

Inventory:

Missiles
 e - 12 boomerangs
 k - 6 javelins
 n - 13 poisoned darts (quivered)
Armour
 b - a +0 robe (worn)
 z - a scarf of harm
 E - a scarf of invisibility
Jewellery
 f - a +6 ring of strength (left claw)
 h - an uncursed ring of flight
 r - a ring of positive energy (right claw)
 A - an uncursed ring of resist corrosion
 G - an uncursed ring of ice {unknown}
Wands
 l - a wand of paralysis (16)
 q - a wand of digging (5)
 w - a wand of disintegration (15)
 D - a wand of enslavement (11)
Scrolls
 a - a scroll of enchant weapon
 c - 5 scrolls of teleportation
 g - a scroll of fog
 o - 2 scrolls of remove curse
 y - 3 scrolls of amnesia
 B - a scroll of enchant armour
 C - a scroll of identify
 F - a scroll of brand weapon
Potions
 i - 4 potions of brilliance
 j - a potion of curing
 m - a potion of magic
 p - 3 potions of haste
 s - a potion of berserk rage
 t - 3 potions of stabbing
 u - a potion of resistance
 v - a potion of invisibility
 x - a potion of flight
Comestibles
 d - 24 rations


   Skills:
 - Level 7.0 Fighting
 - Level 5.0 Dodging
 + Level 13.6 Unarmed Combat
 - Level 1.2 Spellcasting
 - Level 1.3 Transmutations


You had 11 spell levels left.
You knew the following spells:

 Your Spells              Type           Power        Failure   Level  Hunger
a - Beastly Appendage     Tmut           #.....       21%         1    ##.....

Your spell library contained the following spells:

 Spells                   Type           Power        Failure   Level  Hunger
 Sticks to Snakes         Tmut           #.......     30%         2    ###....
 Spider Form              Tmut/Pois      #.........   63%         3    ####...
 Ice Form                 Ice/Tmut       #.......     95%         4    #####..
 Blade Hands              Tmut           #.........   99%         5    ######.


Dungeon Overview and Level Annotations

Branches:
Dungeon (10/15)            Temple (1/1) D:6         Ossuary (visited)
   Lair: D:8-11         Orc: D:9-12

Altars:
Ashenzari
Cheibriados
Dithmenos
Elyvilon
Fedhas
Gozag
Hepliaklqana
Kikubaaqudgha
Makhleb
Nemelex Xobeh
Okawaru
Qazlal
Ru
Sif Muna
Trog
Uskayaw
Vehumet
Wu Jian
Xom
Yredelemnul
Zin
The Shining One


Innate Abilities, Weirdness & Mutations

You are too large for most types of armour.
You have claws for hands.
Your metabolism is lightning-fast.
You like to eat raw meat.
Your natural rate of healing is unusually fast.
You are covered in fur. (AC +1)
You have extremely tough skin. (AC +3)


Message History

There is an open door, spattered with blood here.
You mangle the two-headed ogre!!
The two-headed ogre is severely wounded.
The two-headed ogre hits you with a +0 giant club!
The two-headed ogre hits you with a cursed -1 giant spiked club!!
You claw the two-headed ogre! Your claw misses the two-headed ogre.
The two-headed ogre is almost dead.
You barely miss the two-headed ogre.
The two-headed ogre is almost dead.
The hell rat bites you! You partially resist.
You feel drained.
The two-headed ogre hits you with a +0 giant club!!
* * * LOW HITPOINT WARNING * * *
The two-headed ogre closely misses you. The hell rat barely misses you.
You kill the two-headed ogre!
The Council accepts your kill.
You feel your dexterity returning.
Your life force feels restored.
You have reached level 11!
The hell rat bites you.
You die...

#.....##..# #.....##..#####
#.....##..'...#
#.....##..#...# ......
#.........#...# ..... .
#.........#...########....#..
#.........#..........#.......
#.........#..........#.......
#.........#....@r....#...((..
#.........#...)......#..(....
#.........#........).'.(.....
#.........#...#####+##.......
#.........#...#.......#######
#.........#...#...#...#.....#
#.........#####.......#.....#
#.....................#.....#
#.#...................#.....#


You could see a hell rat.

Vanquished Creatures
  A two-headed ogre (D:10)
  An unseen horror (D:9)
  The ghost of Boltersam the Chopper, a novice DsMo of Cheibriados (D:7)
  2 trolls
  Grinder (D:4)
  2 hippogriffs
  Sigmund (D:4)
  Eustachio (D:4)
  2 yaks
  3 hogs (D:7)
  A hungry ghost (D:9)
  A human (D:7)
  Edmund (D:4)
  Duvessa (D:5)
  2 orc warriors
  2 ice beasts
  A sky beast (D:6)
  2 black bears
  5 phantoms
  2 ogres
  A centaur (D:8)
  A big kobold (D:9)
  3 bullfrogs
  5 scorpions
  5 killer bees (D:9)
  Dowan (D:5)
  4 spriggan skeletons (D:9)
  A howler monkey (D:6)
  2 bullfrog zombies (D:7)
  3 crimson imps
  A human zombie (Ossuary)
  A quasit (D:10)
  2 centaur skeletons
  4 jellies
  An orc priest (D:9)
  12 orc wizards
  3 bullfrog skeletons (D:7)
  7 hounds
  Ijyb (D:3)
  5 iguanas
  5 worker ants
  A big kobold zombie (Ossuary)
  2 hound skeletons
  2 mummies (Ossuary)
  13 adders
  A shadow imp (D:6)
  2 oozes
  4 adder zombies
  4 worms
  2 dart slugs
  5 leopard geckos
  14 orcs
  3 giant cockroaches
  3 gnoll zombies (Ossuary)
  8 goblins
  4 hobgoblins
  12 jackals
  3 quokkas
  2 ball pythons
  5 bats
  5 frilled lizards
  4 goblin zombies (Ossuary)
  A hobgoblin zombie (Ossuary)
  9 kobolds
  A leopard gecko zombie (D:9)
  4 orc zombies (Ossuary)
  A quokka zombie (D:10)
  5 rats
221 creatures vanquished.

Vanquished Creatures (others)
  A howler monkey (D:6)
1 creature vanquished.

Grand Total: 222 creatures vanquished

Notes
Turn   | Place    | Note
-------+----------+-------------------------------------------
     0 | D:1      | Argons the Troll Transmuter began the quest for the Orb.
     0 | D:1      | Reached XP level 1. HP: 18/18 MP: 1/1
   343 | D:1      | Reached skill level 1 in Fighting
   469 | D:1      | Reached XP level 2. HP: 20/27 MP: 2/2
   718 | D:2      | Reached XP level 3. HP: 32/35 MP: 3/3
   731 | D:2      | Found a radiant altar of Vehumet.
   736 | D:2      | Found a snail-covered altar of Cheibriados.
  1015 | D:2      | Reached skill level 4 in Unarmed Combat
  1208 | D:2      | Reached XP level 4. HP: 36/42 MP: 4/4
  1443 | D:3      | Noticed an orc warrior
  1607 | D:3      | Noticed Ijyb
  1615 | D:3      | Killed Ijyb
  1615 | D:3      | Reached skill level 5 in Unarmed Combat
  1743 | D:3      | Found an ornate altar of the Wu Jian Council.
  1951 | D:3      | Reached XP level 5. HP: 48/49 MP: 5/5
  2473 | D:3      | HP: 2/49 [orc warrior/+0 halberd (27)]
  2538 | D:3      | Killed an orc warrior
  2538 | D:3      | Reached skill level 6 in Unarmed Combat
  2538 | D:3      | Reached XP level 6. HP: 22/57 MP: 6/6
  2842 | D:4      | Reached skill level 7 in Unarmed Combat
  2954 | D:4      | Noticed Sigmund
  2968 | D:4      | Killed Sigmund
  2968 | D:4      | Reached XP level 7. HP: 43/65 MP: 7/7
  3170 | D:4      | Noticed Grinder
  3175 | D:4      | Paralysed by something for 6 turns
  3228 | D:4      | Noticed Edmund
  3323 | D:4      | Found a hazy altar of Hepliaklqana.
  3636 | D:4      | Found a shimmering blue altar of Sif Muna.
  3653 | D:4      | Reached skill level 8 in Unarmed Combat
  3805 | D:4      | Killed Edmund
  3858 | D:4      | Paralysed by Grinder for 2 turns
  3861 | D:4      | Paralysed by Grinder for 3 turns
  3871 | D:4      | Killed Grinder
  3871 | D:4      | Reached skill level 9 in Unarmed Combat
  3871 | D:4      | Reached XP level 8. HP: 49/72 MP: 8/8
  3917 | D:5      | Entered Level 5 of the Dungeon
  3978 | D:5      | Noticed Dowan
  3988 | D:5      | Killed Dowan
  3993 | D:5      | Noticed Duvessa
  3996 | D:5      | Noticed Eustachio
  4174 | D:4      | Killed Eustachio
  4231 | D:5      | Killed Duvessa
  4240 | D:5      | Reached skill level 10 in Unarmed Combat
  4371 | D:5      | Found a sand-covered staircase.
  4416 | Ossuary  | Entered an ossuary
  4680 | D:5      | Found a white marble altar of Elyvilon.
  4961 | D:6      | Reached XP level 9. HP: 76/85 MP: 9/9
  5274 | D:6      | Found a staircase to the Ecumenical Temple.
  5283 | Temple   | Entered the Ecumenical Temple
  5501 | D:3      | Became a worshipper of the Wu Jian Council
  6087 | D:7      | Reached skill level 5 in Fighting
  6090 | D:7      | Reached skill level 5 in Dodging
  6163 | D:7      | Found a runed translucent gate.
  6163 | D:7      | Found a runed translucent gate.
  6163 | D:7      | Found a runed translucent gate.
  6163 | D:7      | Noticed Boltersam's ghost (novice DsMo)
  6286 | D:7      | Found a shimmering altar of Xom.
  6389 | D:7      | Found a bloodstained altar of Trog.
  6407 | D:7      | Reached * piety under Wu Jian
  6697 | D:7      | Killed Boltersam's ghost
  6697 | D:7      | Reached skill level 11 in Unarmed Combat
  6697 | D:7      | Reached XP level 10. HP: 96/100 MP: 10/10
  7601 | D:8      | Found an opulent altar of Gozag.
  8156 | D:9      | Reached ** piety under Wu Jian
  8267 | D:9      | Reached skill level 12 in Unarmed Combat
  8889 | D:10     | Entered Level 10 of the Dungeon
  8896 | D:10     | Found a shadowy altar of Dithmenos.
  9247 | D:9      | Killed an unseen horror
  9247 | D:9      | Reached skill level 13 in Unarmed Combat
 10010 | D:10     | Noticed a two-headed ogre
 10018 | D:10     | HP: 2/102 [two-headed ogre/+0 giant club (29)]
 10023 | D:10     | Killed a two-headed ogre
 10023 | D:10     | Reached XP level 11. HP: 5/109 MP: 11/11
 10024 | D:10     | Slain by a hell rat

Illustrated notes

Levels and vault maps discovered:
D:1:      psy_arrival_statuary, layout_basic, minmay_misc_feat_tower
D:2:      layout_loops_cross, minitemple
D:3:      layout_basic, lemuel_coloured_pillars_altar, eino_tiny_chamber,
          uniq_ijyb
D:4:      layout_layer_cave, marbit_many_paths, led_sif_book, first_ration,
          uniq_grinder, uniq_edmund, uniq_sigmund
D:5:      layout_cave_pools, kennysheep_mini_moat,
          nicolae_ossuary_entry_false_entrances, serial_column_ruins,
          column_ruins_grid_1, column_ruins_open_tiny, column_ruins_grid_1,
          column_ruins_grid_3, column_ruins_grid_1,
          column_ruins_columns_straight, column_ruins_grid_3, uniq_duvessa,
          uniq_eustachio
D:6:      layout_gridville, lemuel_temple_firewalk_a, minmay_joined_circles
D:7:      layout_cave_pools, gammafunk_ghost_necromancy, basic_altar,
          minmay_stone_trees_small, grunt_livestock, tgw_xom
D:8:      layout_layer_cave, nicolae_gozag_seed_capital
D:9:      layout_loops_corners, hangedman_tell_no_tales
D:10:     layout_stronghold, dpeg_lair_monsters,
          grunt_dithmenos_smoke_and_mirrors
Temple:   eino_wide_crystal_templ

Skill      XL: |  1  2  3  4  5  6  7  8  9 10 |
---------------+-------------------------------+-----
Fighting       | 1 2 4 6 7 |  7.0
Unarmed Combat | 4 5 6 7 9 10 11 13 | 13.6
Dodging        | 4 5 |  5.0
Spellcasting   | |  1.2
Transmutations | |  1.3

Action                   |  1- 3 |  4- 6 |  7- 9 | 10-12 || total
-------------------------+-------+-------+-------+-------++-------
Melee: Unarmed           |    84 |    94 |   294 |   261 ||   733
       Punch             |     1 |     1 |    12 |     9 ||    23
Throw: Dart              |       |    22 |    26 |     9 ||    57
       Boomerang         |       |       |     5 |       ||     5
Invok: Whirlwind         |       |       |    11 |       ||    11
       Lunge             |       |       |     5 |    27 ||    32
  Use: Scroll            |       |     5 |     8 |     5 ||    18
       Potion            |       |     1 |       |     1 ||     2
 Stab: Sleeping          |       |     1 |     1 |       ||     2
  Eat: Chunk             |    15 |    14 |    31 |    32 ||    92
       Ration            |       |       |     1 |     2 ||     3
Armor: Robe              |    21 |    27 |    49 |    73 ||   170
Dodge: Dodged            |    28 |    25 |   103 |    88 ||   244

Table legend:
 A = Non-vault XP
 B = Vault XP
 C = Vault XP percentage of total XP
 D = Non-vault monster count
 E = Vault monster count
 F = Vault count percentage of total count
                 A         B        C        D         E       F
            +---------+---------+-------+---------+---------+-------
      Total |    6237 |    5104 |  45.0 |     161 |      60 |  27.1
            +---------+---------+-------+---------+---------+-------
        D:1 |      23 |       0 |   0.0 |      10 |       0 |   0.0
        D:2 |      87 |       0 |   0.0 |      25 |       0 |   0.0
        D:3 |     290 |      38 |  11.6 |      22 |       1 |   4.3
        D:4 |     344 |     937 |  73.1 |       6 |       7 |  53.8
        D:5 |     342 |     216 |  38.7 |       8 |       2 |  20.0
        D:6 |     194 |     616 |  76.0 |       7 |       9 |  56.2
        D:7 |     485 |    1987 |  80.4 |       9 |      18 |  66.7
        D:8 |    1149 |       0 |   0.0 |      26 |       0 |   0.0
        D:9 |    1651 |    1189 |  41.9 |      33 |       7 |  17.5
       D:10 |    1672 |       0 |   0.0 |      15 |       0 |   0.0
    Ossuary |       0 |     121 | 100.0 |       0 |      16 | 100.0
            +---------+---------+-------+---------+---------+-------
